 Dungeon Crawl Stone Soup version 0.30.0-3-ga4e48a9924 (webtiles) character file.

Game seed: 18264875542057783467

265 Lutefisk the Conjurer (level 5, -4/31 HPs)
             Began as a Deep Elf Conjurer on May 7, 2023.
             Was an Initiate of Vehumet.
             Killed from afar by an orc wizard (11 damage)
             ... with a puff of flame
             ... on level 5 of the Dungeon.
             The game lasted 00:13:45 (1980 turns).

Lutefisk the Conjurer (Deep Elf Conjurer)           Turns: 1980, Time: 00:13:46

Health: -4/31      AC:  2    Str:  8    XL:     5   Next: 99%
Magic:  13/13      EV: 12    Int: 22    God:    Vehumet [......]
Gold:   197        SH:  0    Dex: 14    Spells: 2/12 levels left

rFire   . . .        f - +0 dagger
rCold   . . .        (no shield)
rNeg    . . .        a - +0 robe
rPois   .            (no helmet)
rElec   .            (no cloak)
rCorr   .            (no gloves)
SInv    .            (no boots)
Will    .....        w - amulet of magic regeneration
Stlth   +            (no ring)
HPRegen 0.25/turn    (no ring)
MPRegen 0.53/turn

%: no passive effects
@: confused, brilliant
A: strong 1, noise suppression
a: Renounce Religion


You were on level 5 of the Dungeon.
You worshipped Vehumet.
Vehumet was noncommittal.
You visited 2 branches of the dungeon, and saw 6 of its levels.

You collected 197 gold pieces.

Inventory:

Hand Weapons
 d - a +0 club
 f - a +0 dagger (weapon)
Missiles
 g - 2 poisoned darts (quivered)
 u - 2 silver javelins
Armour
 a - a +0 robe (worn)
 c - a +0 leather armour
 k - a +0 leather armour
Jewellery
 w - an amulet of magic regeneration (around neck)
Wands
 v - a wand of polymorph (3)
Scrolls
 h - 5 scrolls of identify {unknown}
 j - 3 scrolls of fear {unknown}
 l - a scroll of noise {unknown}
 m - a scroll of enchant armour {unknown}
 p - a scroll of teleportation {unknown}
 q - 2 scrolls of vulnerability {unknown}
 s - a scroll of enchant weapon {unknown}
 x - a scroll of blinking {unknown}
Potions
 b - 2 potions of magic
 e - 2 potions of mutation
 i - a potion of invisibility {unknown}
 n - a potion of brilliance
 o - a potion of curing {unknown}
 r - a potion of berserk rage {unknown}
 t - 2 potions of haste {unknown}


   Skills:
 * Level 2.7 Fighting
 - Level 1.0 Throwing
 - Level 1.0 Armour
 * Level 2.6 Dodging
 - Level 3.0 Stealth
 - Level 4.0 Spellcasting
 - Level 5.0 Conjurations
 - Level 3.0 Hexes
 - Level 1.0 Evocations


You had 2 spell levels left.
You knew the following spells:

 Your Spells              Type           Power      Damage    Failure   Level
a - Magic Dart            Conj           100%       1d8       1%          1
b - Searing Ray           Conj           78%        2d7       2%          2
c - Dazzling Flash        Conj/Hex       66%        N/A       6%          3
d - Fulminant Prism       Conj/Hex       16%        3d11      22%         4

Your spell library contained the following spells:

 Spells                   Type           Power      Damage    Failure   Level
 Iskenderun's Mystic Bla  Conj/Tloc      23%        2d6       36%         4


Dungeon Overview and Level Annotations

Branches:
Dungeon (5/15)             Temple (1/1) D:4

Altars:
Dithmenos
Elyvilon
Fedhas
Nemelex Xobeh
Ru
Vehumet
Wu Jian
Xom
Zin

Annotations:
D:4 Ijyb


Innate Abilities, Weirdness & Mutations

Your muscles are strong. (Str +4, Int/Dex -1)
You passively dampen the noise of your surroundings.


Message History

Confirm with . or Enter, or press ? or * to list all spells.
Aiming: Searing Ray (safe; 1% risk of failure)
Press: ? - help, Shift-Dir - straight line, f - orc wizard
Aim: an orc wizard, wielding a +0 dagger and wearing a +0 robe (heavily wounded, 74% to hit)
The searing ray hits the orc wizard.
The orc wizard is almost dead. (Press . to maintain the ray.)
The orc wizard gestures at you while chanting.
You are confused.
You bump into the rock wall.
You bump into the rock wall.
The orc wizard gestures at you while chanting.
You are more confused.
The orc wizard attacks as you move away!
The orc wizard misses you.
The orc wizard points at you and mumbles some strange words.
You resist with some effort.
You bump into the rock wall.
The orc wizard mumbles some strange words.
The orc wizard flickers and vanishes!
Deactivating autopickup; reactivate with Ctrl-A.
You bump into the rock wall.
You hear some strange, mumbled words.
A magic dart appears from out of thin air!
The magic dart hits you!
You bump into the rock wall.
Something hits you.
You completely miss something. Your punch misses something. Something hits you.
Something hits you but does no damage.
A magic dart appears from out of thin air!
The magic dart hits you.
* * * LOW HITPOINT WARNING * * *
It was a potion of mutation.
You feel extremely strange.
You feel your surroundings grow quieter.
You feel stronger.
It was a potion of brilliance.
You feel clever all of a sudden.
You hear some strange, mumbled words.
A puff of flame appears from out of thin air!
The puff of flame hits you!
You die...

# .. #.#
###.).#######
......)..†..#
###...#####{#
##. #@# # #.#
#. #.# #. #.#
#. #.# ##.##
#.# ##...## #.#
####.....####.#
#.............#


There were no monsters in sight!

Vanquished Creatures
  A phantom (D:5)
  3 iguanas
  An orc wizard (D:5)
  Natasha (D:4)
  2 adders (D:3)
  2 dart slugs
  7 orcs
  2 ball pythons
  7 bats
  3 endoplasms
  3 goblins
  4 hobgoblins
  A frilled lizard (D:1)
  2 kobolds
  3 rats
42 creatures vanquished.

Notes
Turn   | Place    | Note
-------+----------+-------------------------------------------
     0 | D:1      | Lutefisk the Deep Elf Conjurer began the quest for the Orb.
     0 | D:1      | Reached XP level 1. HP: 10/10 MP: 6/6
   115 | D:1      | Reached skill level 1 in Fighting
   166 | D:1      | Reached XP level 2. HP: 16/16 MP: 0/8
   250 | D:1      | Learned a level 2 spell: Searing Ray
   364 | D:1      | Found a faded altar of an unknown god.
   765 | D:3      | Reached XP level 3. HP: 13/21 MP: 5/10
   784 | D:3      | Learned a level 3 spell: Dazzling Flash
  1242 | D:4      | Noticed Natasha
  1246 | D:4      | Killed Natasha
  1247 | D:4      | Reached skill level 1 in Throwing
  1247 | D:4      | Reached XP level 4. HP: 26/26 MP: 6/12
  1272 | D:4      | Found a staircase to the Ecumenical Temple.
  1278 | D:4      | Reached skill level 1 in Hexes
  1291 | Temple   | Entered the Ecumenical Temple
  1334 | Temple   | Became a worshipper of Vehumet
  1406 | D:4      | Noticed Ijyb
  1540 | D:4      | Noticed a black bear
  1635 | D:4      | Learned a level 4 spell: Fulminant Prism
  1719 | D:5      | Entered Level 5 of the Dungeon
  1742 | D:5      | Reached skill level 1 in Armour
  1742 | D:5      | Reached XP level 5. HP: 30/30 MP: 8/13
  1777 | D:5      | Noticed a phantom
  1784 | D:5      | Killed a phantom
  1785 | D:5      | Reached skill level 5 in Conjurations
  1785 | D:5      | Reached skill level 1 in Evocations
  1785 | D:5      | Noticed a water moccasin
  1979 | D:5      | Gained mutation: You passively dampen the noise of your
                  | surroundings. [potion of mutation]
  1979 | D:5      | Gained mutation: Your muscles are strong. (Str +4, Int/Dex
                  | -1) [potion of mutation]
  1980 | D:5      | Killed from afar by an orc wizard

Illustrated notes

Levels and vault maps discovered:
D:1:      sevenhm_arrival_forest_fort_large_4, layout_rooms,
          shapermc_ecumenical_altar_totnotflames
D:2:      layout_loops_ring, chequers_serial_rivers_marsh, minivault_25
D:3:      layout_basic
D:4:      layout_loops_corners, minmay_temple_entry_butterflies, uniq_pargi,
          uniq_ijyb, uniq_natasha
D:5:      layout_loops_ring, kennysheep_generic_room_10
Temple:   minmay_crystal_spiral_temple

Skill      XL: |  1  2  3  4  5 |
---------------+----------------+-----
Fighting       | 1 2 |  2.7
Spellcasting   | 4 |  4.0
Stealth        | 3 |  3.0
Throwing       | 1 |  1.0
Hexes          | 1 3 |  3.0
Armour         | 1 |  1.0
Conjurations   | 5 |  5.0
Evocations     | 1 |  1.0
Dodging        | |  2.6

Action                     |  1- 3 |  4- 6 || total
---------------------------+-------+-------++-------
  Melee: Dagger            |    19 |     1 ||    20
         Club              |     1 |       ||     1
   Cast: Magic Dart        |    62 |     9 ||    71
         Searing Ray       |     3 |     9 ||    12
    Use: Potion            |       |     2 ||     2
 Armour: Robe              |     8 |     3 ||    11
  Dodge: Dodged            |    23 |     4 ||    27
